AoeStats
← FeelsBatman69

Black Forest

504822924Analyzed
2v2 RM · 25d ago on Sep 6, 2026· 62m 28s· 4 players
Game mode
Random Map
Map size
Medium (4 player)
Population
200
Speed
Normal
Resources
Standard
Victory
Conquest
Starting age
Dark Age
Ending age
Imperial Age
RankedLock teamsTeams togetherTeam positionsShared explorationLock speedFull tech treeHidden civsTurbo modeCheats
Victory
Defeat
🇩🇪 Japanese · Germany
638
+10
🇫🇷 Franks · France
575
+13
🇺🇸 Franks · United States
513
-12
🇺🇸 Khmer · United States
491
-11
ToNi0
1:17 Loom
11:14 Feudal Age
15:14 Double-Bit Axe
20:38 Castle Age
19:00 Stone Mining
28:09 Gold Mining
32:03 Imperial Age
31:27 Bow Saw
31:57 Gold Shaft Mining
32:52 Caravan
33:15 Conscription
34:48 Wheelbarrow
33:59 Town Watch
34:09 Town Watch
34:56 Fortified Wall
35:47 Chemistry
35:08 Ballistics
34:59 Masonry
36:45 Hand Cart
36:31 Town Patrol
39:12 Hoardings
38:39 Pikeman
39:36 Squires
39:22 Arson
40:00 Forging
39:50 Scale Mail Armor
39:56 Scale Barding Armor
39:53 Padded Archer Armor
39:43 Fletching
40:36 Elite Skirmisher
41:08 Gambesons
40:44 Man-at-Arms
42:28 Coinage
41:25 Heavy Scorpion
42:16 Long Swordsman
44:28 Two-Handed Swordsman
46:05 Iron Casting
45:46 Chain Mail Armor
45:28 Bodkin Arrow
45:54 Chain Barding Armor
49:37 Banking
55:42 Blast Furnace
55:12 Plate Mail Armor
55:18 Plate Barding Armor
55:00 Leather Archer Armor
54:35 Arrowslits
54:46 Murder Holes
55:21 Architecture
54:57 Siege Engineers
54:43 Guard Tower
58:16 Onager
58:16 Capped Ram
58:20 Champion
58:21 Halberdier
58:23 Crossbowman
58:23 Heavy Cavalry Archer
matthiaskaeck
0:36 Loom
12:28 Feudal Age
12:55 Double-Bit Axe
13:54 Wheelbarrow
14:07 Horse Collar
16:33 Gold Mining
16:33 Stone Mining
20:35 Castle Age
22:43 Bow Saw
22:40 Heavy Plow
24:50 Caravan
26:30 Scale Mail Armor
26:40 Forging
28:11 Fortified Wall
31:00 Ballistics
33:03 Hand Cart
32:40 Town Watch
33:14 Chain Mail Armor
33:34 Iron Casting
33:06 Scale Barding Armor
33:02 Padded Archer Armor
32:52 Fletching
36:54 Imperial Age
37:04 Imperial Age
36:08 Thumb Ring
35:23 Crossbowman
37:21 Gold Shaft Mining
37:48 Town Patrol
39:02 Conscription
39:02 Kataparuto
41:07 Two-Man Saw
40:18 Yasama
40:53 Hoardings
41:38 Leather Archer Armor
41:43 Chain Barding Armor
41:18 Bodkin Arrow
42:33 Blast Furnace
42:22 Plate Mail Armor
43:18 Chemistry
43:41 Ring Archer Armor
44:12 Coinage
44:14 Elite Samurai
45:06 Arbalester
46:14 Treadmill Crane
46:45 Masonry
47:05 Bracer
55:22 Pikeman
56:03 Squires
55:48 Arson
55:49 Gambesons
55:24 Man-at-Arms
60:31 Cavalier
61:12 Husbandry
61:22 Bloodlines
60:33 Light Cavalry
61:40 Heavy Scorpion
EL Loodo
16:01 Feudal Age
16:33 Double-Bit Axe
17:37 Gold Mining
22:17 Castle Age
21:35 Scale Barding Armor
21:31 Scale Mail Armor
21:17 Man-at-Arms
22:07 Stone Mining
26:47 Caravan
28:40 #83
28:23 Husbandry
27:57 Long Swordsman
30:57 Wheelbarrow
30:42 Bow Saw
31:10 Gold Shaft Mining
35:19 Imperial Age
33:54 Chain Mail Armor
35:36 Two-Handed Swordsman
35:43 Cavalier
36:18 Elite Throwing Axeman
38:59 Gambesons
40:00 Champion
42:31 Chain Barding Armor
42:41 Plate Mail Armor
44:02 Hand Cart
43:32 Loom
44:44 Plate Barding Armor
44:20 Forging
FeelsBatman69
16:46 Feudal Age
18:04 Wheelbarrow
20:44 Town Watch
25:14 Castle Age
25:17 Loom
26:24 Caravan
26:56 Hand Cart
26:42 Town Patrol
29:33 Scale Barding Armor
29:39 Forging
29:32 Padded Archer Armor
29:22 Fletching
29:32 Scale Mail Armor
35:32 Imperial Age
35:03 Tusk Swords
35:31 Chain Barding Armor
35:46 Iron Casting
38:21 Heavy Scorpion
41:56 Plate Barding Armor
42:26 Blast Furnace
43:46 Elite Ballista Elephant
46:45 Double Crossbow
47:07 Chain Mail Armor
47:07 Leather Archer Armor
46:48 Bodkin Arrow
Connection lost

Rejoining the realm…

Still unreachable

The connection could not be restored.

Session expired

The server has moved on; the page needs a fresh start.